details: 'Polackrage'

« prev index next »

General information

Mini Map

Players

team 1
Random» OrcPolishRage (pink | 46 APM | 1020 actions | 22:15)
Hero icon 2 Blademaster
Ability icon 1 Wind Walk
Ability icon 1 Critical Strike
Hero icon 1 Shadow Hunter
Ability icon 1 Healing Wave

» actions
Assign group hotkey1
Basic commands95
Build / train43
Enter build submenu20
Enter hero's abilities submenu3
Right click537
Select / deselect271
Use ability50
1020 total
» units
Peon8
Grunt4
Demolisher4
Goblin Sapper5
Troll Headhunter/Berserker2
Wind Rider1
24 total
» upgrades
Ranged Weapons1
Pillage1
Burning Oil1
3 total
» buildings
Orc Burrow7
Altar of Storms1
Barracks2
Voodoo Lounge2
War Mill1
Watch Tower1
Stronghold1
Fortress1
Beastiary3
Great Hall1
20 total
» build order
00:06 Orc Burrow
00:22 Altar of Storms
01:05 Barracks
01:24 Orc Burrow
01:47 Voodoo Lounge
02:27 Orc Burrow
02:39 War Mill
03:55 Watch Tower
04:47 Voodoo Lounge
04:56 Stronghold
07:22 Barracks
07:34 Fortress
08:43 Orc Burrow
09:44 Orc Burrow
10:38 Orc Burrow
14:46 Beastiary
14:48 Beastiary
15:12 Beastiary
17:15 Orc Burrow
18:05 Great Hall
» items
Healing Salve2
Lesser Clarity Potion3
Scroll of Town Portal1
Potion of Healing1
Scroll of Speed1
8 total
OrcRebuh (red | 34 APM | 802 actions | 23:43)
Hero icon 5 Blademaster
Ability icon 3 Wind Walk
Ability icon 2 Critical Strike

» actions
Assign group hotkey1
Build / train42
Enter build submenu22
Enter hero's abilities submenu5
Remove unit from queue2
Right click362
Select / deselect296
Select group hotkey45
Use ability26
802 total
» units
Peon6
Grunt11
Demolisher6
23 total
» upgrades
Melee Weapons2
Armor2
Berserker Strength1
Ranged Weapons3
Burning Oil1
9 total
» buildings
Orc Burrow9
Altar of Storms1
Barracks2
War Mill6
Stronghold1
Fortress1
20 total
» build order
00:20 Orc Burrow
00:25 Altar of Storms
00:37 Barracks
01:42 Orc Burrow
02:11 Barracks
02:19 Orc Burrow
04:07 Orc Burrow
05:49 Orc Burrow
06:25 War Mill
06:51 Orc Burrow
07:28 Stronghold
10:02 Fortress
10:16 Orc Burrow
11:18 Orc Burrow
12:30 Orc Burrow
22:55 War Mill
23:03 War Mill
23:09 War Mill
23:19 War Mill
23:24 War Mill
Orcdrawsomething (teal | 25 APM | 731 actions | 29:20)
Hero icon 2 Blademaster
Ability icon 1 Wind Walk
Ability icon 1 Critical Strike
Hero icon 2 Far Seer
Ability icon 1 Feral Spirit
Ability icon 1 Far Sight
Hero icon 2 Shadow Hunter
Ability icon 1 Healing Wave
Ability icon 1 Hex

» actions
Assign group hotkey12
Basic commands4
Build / train55
Enter build submenu35
Enter hero's abilities submenu6
Give item / drop item1
Remove unit from queue3
Right click162
Select / deselect186
Select group hotkey202
Use ability65
731 total
» units
Peon23
Kodo Beast4
27 total
» upgrades
Spiked Barricades1
War Drums Damage Increase1
2 total
» buildings
Altar of Storms1
Orc Burrow8
War Mill1
Watch Tower15
Voodoo Lounge2
Stronghold1
Fortress1
Great Hall1
Beastiary3
33 total
» build order
00:10 Altar of Storms
00:22 Orc Burrow
01:17 War Mill
02:05 Orc Burrow
02:32 Watch Tower
02:33 Watch Tower
02:39 Watch Tower
02:49 Watch Tower
03:48 Watch Tower
03:49 Watch Tower
03:50 Watch Tower
04:59 Voodoo Lounge
05:04 Orc Burrow
05:15 Watch Tower
05:38 Stronghold
06:08 Watch Tower
06:12 Watch Tower
06:41 Watch Tower
07:19 Watch Tower
07:23 Watch Tower
07:27 Watch Tower
07:33 Watch Tower
08:01 Fortress
08:46 Great Hall
10:46 Voodoo Lounge
10:56 Beastiary
10:57 Beastiary
10:58 Beastiary
11:05 Orc Burrow
11:09 Orc Burrow
11:38 Orc Burrow
13:33 Orc Burrow
13:39 Orc Burrow
» items
Healing Salve2
Lesser Clarity Potion3
Staff of Teleportation1
Mechanical Critter4
Scroll of Healing1
Scroll of Town Portal1
12 total
HumanUrloNegro (purple | 66 APM | 1945 actions | 29:28)
Hero icon 5 Archmage
Ability icon 3 Summon Water Elemental
Ability icon 2 Brilliance Aura

» actions
Assign group hotkey119
Basic commands291
Build / train58
Enter build submenu33
Enter hero's abilities submenu5
Give item / drop item2
Remove unit from queue1
Right click592
Select / deselect347
Select group hotkey433
Use ability64
1945 total
» units
Peasant16
Footman2
Goblin Shredder2
Gryphon Rider14
34 total
» upgrades
Lumber Harvesting1
Storm Hammers1
Animal War Training1
Swords2
Armor2
Masonry1
8 total
» buildings
Altar of Kings1
Farm11
Barracks1
Keep1
Town Hall3
Arcane Vault4
Lumber Mill2
Castle1
Gryphon Aviary5
Blacksmith2
31 total
» build order
00:39 Altar of Kings
00:47 Farm
00:51 Barracks
01:07 Farm
01:16 Farm
01:59 Farm
03:33 Keep
03:51 Town Hall
04:05 Arcane Vault
04:08 Lumber Mill
07:04 Castle
07:12 Gryphon Aviary
07:13 Gryphon Aviary
07:13 Gryphon Aviary
07:54 Town Hall
08:13 Farm
08:24 Farm
08:25 Farm
08:28 Farm
08:28 Farm
09:17 Gryphon Aviary
09:20 Gryphon Aviary
09:29 Farm
09:33 Farm
09:45 Blacksmith
09:53 Blacksmith
11:23 Arcane Vault
11:34 Arcane Vault
11:35 Arcane Vault
12:01 Lumber Mill
19:03 Town Hall
» items
Scroll of Regeneration1
Scroll of Town Portal5
Staff of Teleportation1
7 total
team 2
Humanopssi (yellow | 63 APM | 17 actions | 00:16)

» actions
Build / train5
Enter build submenu1
Right click5
Select / deselect5
Use ability1
17 total
» units
Peasant3
Peon2
5 total
» buildings
Altar of Kings1
1 total
» build order
00:07 Altar of Kings
Random» UndeadSpacemanSpiff (blue | 38 APM | 7 actions | 00:10)

» actions
Build / train1
Right click3
Select / deselect3
7 total
» units
Acolyte1
1 total
OrccNa (green | 65 APM | 7 actions | 00:06)

» actions
Build / train3
Right click2
Select / deselect2
7 total
» units
Peon3
3 total
Humankings.sandwhich (orange | 54 APM | 1586 actions | 29:28)
Hero icon 4 Mountain King
Ability icon 3 Storm Bolt
Ability icon 1 Bash
Hero icon 1 Blademaster
Ability icon 1 Wind Walk
Hero icon 3 Death Knight
Ability icon 2 Death Coil
Ability icon 1 Unholy Aura

» actions
Assign group hotkey22
Basic commands3
Build / train134
Enter build submenu51
Enter hero's abilities submenu8
Remove unit from queue3
Right click576
Select / deselect266
Select group hotkey362
Use ability161
1586 total
» units
Peasant14
Peon4
Acolyte3
Footman7
Ghoul4
Crypt Fiend2
Grunt2
Goblin Shredder3
Gryphon Rider8
47 total
» upgrades
Masonry3
Lumber Harvesting1
Storm Hammers1
5 total
» buildings
Altar of Kings1
Barracks3
Altar of Storms1
Orc Burrow2
Farm16
Graveyard1
Crypt1
Altar of Darkness1
Ziggurat29
Nerubian Tower2
Tomb of Relics1
Spirit Tower34
Keep2
Scout Tower34
Arcane Tower3
Lumber Mill1
Guard Tower17
Castle2
Gryphon Aviary3
Town Hall2
156 total
» build order
00:22 Altar of Kings
00:37 Barracks
00:44 Altar of Storms
00:46 Orc Burrow
00:53 Farm
01:04 Graveyard
01:05 Crypt
01:11 Altar of Darkness
01:14 Ziggurat
01:18 Farm
01:39 Farm
01:42 Barracks
01:46 Farm
01:53 Barracks
02:03 Farm
02:05 Farm
02:09 Nerubian Tower
02:10 Ziggurat
02:12 Tomb of Relics
02:25 Farm
02:31 Orc Burrow
03:16 Spirit Tower
03:31 Keep
04:07 Scout Tower
04:07 Scout Tower
04:07 Scout Tower
04:08 Scout Tower
04:08 Scout Tower
04:21 Ziggurat
04:22 Ziggurat
04:23 Ziggurat
04:24 Ziggurat
04:53 Arcane Tower
04:53 Arcane Tower
04:59 Ziggurat
04:59 Ziggurat
05:01 Ziggurat
05:10 Arcane Tower
05:34 Spirit Tower
05:34 Spirit Tower
05:34 Spirit Tower
05:59 Lumber Mill
06:03 Spirit Tower
06:03 Spirit Tower
06:17 Spirit Tower
06:18 Spirit Tower
06:18 Spirit Tower
06:18 Spirit Tower
06:27 Spirit Tower
06:27 Spirit Tower
06:27 Spirit Tower
06:28 Spirit Tower
06:59 Ziggurat
07:01 Ziggurat
07:01 Ziggurat
07:13 Ziggurat
07:13 Ziggurat
07:31 Ziggurat
07:35 Ziggurat
07:59 Spirit Tower
07:59 Spirit Tower
08:06 Scout Tower
08:07 Scout Tower
08:07 Scout Tower
08:09 Scout Tower
08:10 Scout Tower
08:10 Scout Tower
08:11 Scout Tower
08:11 Scout Tower
08:12 Scout Tower
08:13 Scout Tower
08:19 Spirit Tower
08:35 Scout Tower
08:36 Scout Tower
08:37 Scout Tower
08:48 Spirit Tower
08:55 Guard Tower
08:55 Guard Tower
09:02 Scout Tower
09:02 Scout Tower
09:03 Scout Tower
09:05 Scout Tower
09:05 Scout Tower
09:08 Scout Tower
09:15 Guard Tower
09:15 Guard Tower
09:15 Guard Tower
09:24 Ziggurat
09:24 Ziggurat
09:24 Ziggurat
09:50 Guard Tower
10:01 Scout Tower
10:06 Ziggurat
10:06 Ziggurat
10:26 Spirit Tower
10:34 Spirit Tower
10:35 Spirit Tower
10:35 Spirit Tower
10:40 Guard Tower
10:40 Guard Tower
10:48 Spirit Tower
10:59 Scout Tower
11:06 Ziggurat
11:28 Guard Tower
11:33 Spirit Tower
11:33 Spirit Tower
11:37 Ziggurat
11:37 Ziggurat
11:47 Spirit Tower
12:08 Ziggurat
12:09 Ziggurat
12:11 Ziggurat
12:15 Ziggurat
12:26 Scout Tower
12:26 Scout Tower
12:38 Spirit Tower
12:46 Spirit Tower
13:23 Guard Tower
13:33 Spirit Tower
14:30 Scout Tower
14:30 Scout Tower
14:31 Scout Tower
14:35 Scout Tower
14:35 Scout Tower
14:36 Scout Tower
14:52 Farm
14:55 Castle
14:56 Castle
15:04 Guard Tower
15:38 Guard Tower
15:38 Guard Tower
16:39 Gryphon Aviary
16:41 Gryphon Aviary
16:47 Gryphon Aviary
16:58 Farm
16:58 Farm
16:59 Farm
16:59 Farm
17:00 Farm
19:15 Farm
19:16 Farm
20:01 Guard Tower
20:01 Guard Tower
20:49 Town Hall
23:20 Town Hall
24:50 Farm
» items
Potion of Lesser Invulnerability1
Scroll of Healing2
3 total

Chat log

(00:14 / All) Rebuh: aww yeah
(00:16 / All) Rebuh: so good

(06:29 / Allies) PolishRage: wtf
(06:34 / Allies) PolishRage: he can path in but not out?
(06:36 / Allies) UrloNegro: wood
(06:36 / Allies) UrloNegro: wood
(06:37 / Allies) UrloNegro: wood
(07:06 / All) drawsomething: if you need wood...in a 4 v 1...you're not very good....
(07:12 / All) Rebuh: LOL
(07:44 / Allies) UrloNegro: wood son
(08:15 / Allies) Rebuh: its a fucking 4v1
(08:19 / Allies) Rebuh: wtf u teching for

(09:53 / All) Rebuh: what a waste of fucking time
(10:08 / Allies) UrloNegro: wood won
(10:11 / Allies) UrloNegro: wood son
(10:24 / Allies) UrloNegro: ty
(10:36 / Allies) Rebuh: LOL
(10:44 / Allies) Rebuh: get dhawks
(10:46 / Allies) Rebuh: with cloud
(10:47 / Allies) Rebuh: idiot
(10:55 / Allies) UrloNegro: aight let me get some gyphs too son
(11:05 / Allies) Rebuh: lots of towers

(14:38 / All) PolishRage: really gonna waste our time and bs?

(15:42 / Allies) PolishRage: purp is bsin
(15:48 / Allies) drawsomething: i saw
(15:48 / Allies) PolishRage: prob gonna try to kill us all
(15:58 / Allies) drawsomething: he masturbates

(18:26 / Allies) Rebuh: wtf bro
(18:55 / All) PolishRage: prob friends with oj actually
(19:19 / All) UrloNegro: You've played with us before
(19:28 / All) kings.sandwhich: last night lawl
(19:33 / All) kings.sandwhich: or 2 nights ago i think
(19:36 / All) UrloNegro: Was it last night?
(19:42 / All) UrloNegro: I think it was night before
(20:00 / All) UrloNegro: I tried to make a mexican standoff and you ran with your tail between your pussy lips
(20:07 / All) Rebuh: what the hells the point
(20:10 / All) PolishRage: so you tell me, you go on
(20:11 / All) Rebuh: one of you lose either way
(20:13 / All) PolishRage: and do this?
(20:16 / All) PolishRage: every night?
(20:27 / All) kings.sandwhich: U FAGGOTS STAY IN THE GAME AFTER U LOST SO YEA
(20:28 / All) kings.sandwhich: WHY NOT
(20:56 / All) Rebuh: LOL
(21:01 / All) Rebuh: you guys have no lives
(21:03 / All) Rebuh: seriously
(21:11 / All) Rebuh: get a life
(21:15 / All) Rebuh: holy shit
(21:23 / All) Rebuh: HAVE TO CHEAT TO GET A WIN?
(21:24 / All) Rebuh: LOL
(21:28 / All) kings.sandwhich: SAYS THE PERSON WHO IS STILL IN THE GAME
(21:42 / All) drawsomething: i hope this thing you do of backstabbing eats away at your soul until you are a lifeless husk
(22:05 / All) Rebuh: ill just tab out
(22:08 / All) Rebuh: as u waste time
(22:13 / All) Rebuh: killing every building
(22:17 / All) kings.sandwhich: SHUT UP NIGGA
(22:18 / All) Rebuh: LOL

(23:56 / All) UrloNegro: My bases don't have towers feel free to help me take those out

(25:35 / All) kings.sandwhich: "lifeless husk"
(25:37 / All) kings.sandwhich: very good
(25:54 / All) UrloNegro: He's been palying too much mass effect
(25:56 / All) kings.sandwhich: mass effect is the thing that comes to mind, husks
(26:28 / All) kings.sandwhich: this had 2 higher ell players yellow and polish
(26:45 / All) UrloNegro: That's two losses for Polish courtesy of us
(26:58 / All) UrloNegro: I want him to lose everytime we meet him in game
(26:59 / All) kings.sandwhich: he got the tie other night remember
(27:04 / All) kings.sandwhich: u gave red the loss
(27:06 / All) UrloNegro: For running from the standoff before it even began
(27:17 / All) UrloNegro: Ah
(27:21 / All) UrloNegro: True
(27:26 / All) UrloNegro: Well
(27:28 / All) UrloNegro: Loss #1
(27:30 / All) UrloNegro: then
(28:09 / All) UrloNegro: They put up no opposition really
(28:14 / All) UrloNegro: Since they went all out rush
(28:35 / All) kings.sandwhich: not a surprise
(28:46 / All) kings.sandwhich: i thought polish would put up better fight
(29:16 / All) drawsomething: good night child molesters
(29:24 / All) kings.sandwhich: lawl
(29:26 / All) kings.sandwhich: u leave